 Dungeon Crawl Stone Soup version 0.28-a0-1152-g9c71ebef14 (webtiles) character file.

Game seed: 3348534316529792914

9502 SensoryNuts the Cruncher (level 11, -2/107 HPs)
             Began as a Troll Fighter on Dec 14, 2021.
             Was an Initiate of Gozag.
             Slain by a centaur warrior (6 damage)
             ... on level 9 of the Dungeon.
             The game lasted 00:12:45 (7325 turns).

SensoryNuts the Cruncher (Troll Fighter)            Turns: 7325, Time: 00:12:45

Health: -2/107     AC:  7    Str: 30    XL:     11   Next: 23%
Magic:  10/10      EV: 15    Int:  4    God:    Gozag
Gold:   1139       SH:  4    Dex:  9    Spells: 10/10 levels left

rFire   . . .      SeeInvis .   e - +4 quarterstaff (chaos)
rCold   . . .      Faith    .   (shield currently unavailable)
rNeg    . . .      Spirit   .   k - +0 robe {Will+}
rPois   .          Reflect  .   (helmet restricted)
rElec   .          Harm     .   h - +0 cloak
rCorr   .          Rampage  .   (gloves unavailable)
Will    +....      Rage     1%  (boots unavailable)
Stlth   ++........              d - amulet of regeneration
HPRegen 1.87/turn               A - +4 ring of evasion
MPRegen 0.12/turn               j - +4 ring of slaying

@: gold aura, studying Staves
A: large, unfitting armour, claws 3, regeneration 1, shaggy fur 1, tough skin 1,
talons 1, iridescent scales 1, large bone plates 1, berserk 1, wild magic 1
a: Renounce Religion, Potion Petition, Call Merchant, Bribe Branch


You were on level 9 of the Dungeon.
You worshipped Gozag.
Gozag was most pleased with you.
You visited 2 branches of the dungeon, and saw 10 of its levels.

You collected 1235 gold pieces.
You paid 96 gold pieces to Gozag.

Inventory:

Hand Weapons
 a - a +0 flail
 e - a +4 quarterstaff of chaos (weapon)
 p - a +0 giant spiked club of flaming
Armour
 b - a +0 robe
 c - a +0 kite shield
 h - a +0 cloak (worn)
 k - a +0 robe of willpower (worn)
Magical Staves
 s - a staff of death
Jewellery
 d - an amulet of regeneration (around neck)
 g - a ring of positive energy
 j - a +4 ring of slaying (right claw)
 l - a ring of poison resistance
 A - a +4 ring of evasion (left claw)
 E - a ring of protection from cold
Wands
 x - a wand of flame (26) (quivered)
 B - a wand of iceblast (7)
Scrolls
 f - 4 scrolls of teleportation
 n - a scroll of magic mapping
 o - a scroll of fear
 u - 2 scrolls of amnesia
 y - 3 scrolls of identify
 C - a scroll of vulnerability
 D - a scroll of holy word {unknown}
 F - a scroll of blinking {unknown}
Potions
 i - 6 potions of curing
 m - a potion of magic
 q - 2 potions of haste
 r - 2 potions of heal wounds
 t - 4 potions of degeneration
 v - a potion of lignification
 w - a potion of ambrosia
 z - a potion of flight


   Skills:
 + Level 6.6 Fighting
 + Level 3.2(8.0) Maces & Flails
 + Level 10.5(10.7) Staves
 + Level 7.0 Dodging
 + Level 2.8 Stealth
 + Level 3.8 Shields
 + Level 1.9 Unarmed Combat
 + Level 0.3 Evocations


You had 10 spell levels left.
You didn't know any spells.
Your spell library contained the following spells:

 Spells                   Type           Power      Damage    Failure   Level
 Corpse Rot               Necr/Air       0%         N/A       73%         2
 Frozen Ramparts          Ice            0%         1d2       90%         3
 Ignite Poison            Fire/Tmut/Pois 0%         N/A       90%         3
 Mephitic Cloud           Conj/Pois/Air  0%         N/A       90%         3
 Stone Arrow              Conj/Erth      0%         3d7       90%         3
 Animate Armour           Summ/Erth      0%         N/A       100%        4
 Cause Fear               Hex            0%         N/A       100%        4
 Dispel Undead            Necr           0%         3d6       100%        4
 Fulminant Prism          Conj/Hex       0%         3d6       100%        4
 Ice Form                 Ice/Tmut       0%         N/A       100%        4
 Iskenderun's Mystic Bla  Conj/Tloc      0%         2d3       100%        4
 Summon Ice Beast         Ice/Summ       0%         N/A       100%        4
 Freezing Cloud           Conj/Ice/Air   0%         6-21      100%        5
 Lee's Rapid Deconstruct  Erth           0%         3d5*      100%        5
 Death Channel            Necr           0%         N/A       100%        6
 Dragon Form              Tmut           0%         N/A       100%        7
 Lehudib's Crystal Spear  Conj/Erth      0%         10d2      100%        8
 Chain Lightning          Conj/Air       0%         N/A       100%        9
 Dragon's Call            Summ           0%         N/A       100%        9
 Fire Storm               Conj/Fire      0%         5d1       100%        9
 Shatter                  Erth           0%         3d5*      100%        9


Dungeon Overview and Level Annotations

Branches:
Dungeon (9/15)             Temple (1/1) D:6
   Lair: D:8-11         Orc: D:9-12

Altars:
Ashenzari
Cheibriados
Dithmenos
Elyvilon
Fedhas
Gozag
Hepliaklqana
Kikubaaqudgha
Makhleb
Nemelex Xobeh
Okawaru
Qazlal
Ru
Sif Muna
Trog
Uskayaw
Vehumet
Wu Jian
Xom
Yredelemnul
Zin
The Shining One
Beogh

Shops:
D:2 =


Innate Abilities, Weirdness & Mutations

You are too large for most types of armour.
You have claws for hands.
Your natural rate of healing is unusually fast.
You are covered in fur. (AC +1)
You have tough skin. (AC +1)
You have sharp toenails.
You are partially covered in iridescent scales. (AC +2)
You are partially covered in large bone plates. (SH +4)
You tend to lose your temper in combat.
Your spells are a little harder to cast, but a little more powerful.


Message History

You start resting.
A centaur warrior is nearby!
A centaur warrior is nearby!
You hit the centaur warrior.
The centaur warrior seems to speed up.
Your kick misses the centaur warrior.
The centaur warrior is lightly wounded.
The centaur warrior unwields a +0 shortbow.
The centaur warrior wields the +2 spear of Outrage {flame, rCorr SInv}.
It bursts into flame!
The centaur warrior hits you with the +2 spear of Outrage {flame, rCorr SInv}!
The centaur warrior burns you. The centaur warrior misses you.
You barely miss the centaur warrior. You claw the centaur warrior!
The centaur warrior is lightly wounded.
The centaur warrior closely misses you.
The centaur warrior kicks you but does no damage.
You barely miss the centaur warrior. You claw the centaur warrior!
The centaur warrior is moderately wounded.
The centaur warrior hits you with the +2 spear of Outrage {flame, rCorr SInv}.
The centaur warrior burns you.
The centaur warrior kicks you but does no damage.
The centaur warrior hits you with the +2 spear of Outrage {flame, rCorr SInv}!
The centaur warrior burns you. The centaur warrior kicks you.
You sock the centaur warrior!
The centaur warrior is heavily wounded.
The centaur warrior hits you with the +2 spear of Outrage {flame, rCorr SInv}.
The centaur warrior burns you. The centaur warrior barely misses you.
The centaur warrior hits you with the +2 spear of Outrage {flame, rCorr SInv}!
The centaur warrior burns you. The centaur warrior kicks you.
You sock the centaur warrior!
The centaur warrior is severely wounded.
The centaur warrior hits you with the +2 spear of Outrage {flame, rCorr SInv}!
* * * LOW HITPOINT WARNING * * *
The centaur warrior burns you.
* * * LOW HITPOINT WARNING * * *
The centaur warrior kicks you but does no damage.
The centaur warrior hits you with the +2 spear of Outrage {flame, rCorr SInv}!
* * * LOW HITPOINT WARNING * * *
The centaur warrior burns you.
You die...
Your body crumbles into a pile of gold.

#####.... #.......)
##### #..###.###
##....#######.. #..#..#
#.............##..#.#..
#....###.###..##.(#####)
... ##.....## #..# ## .
##.#####.###.## $ #
##.##@..##.#.#.# $ #
#.##c###)##...## #
##)##..##|#....## $ ##
##)#..c#)#..#..#####.
#.##.##.#..##..#.#..
##.###.##.####(.#..#
##...##.###....)###
#####.# #...))## . .#
#....(..##)


You could see a centaur warrior (fast).

Vanquished Creatures
  2 centaur warriors (D:9)
  A death knight (D:9)
  A two-headed ogre (D:8)
  Pikel (D:5)
  A cyclops (D:9)
  Joseph (D:8)
  Psyche (D:8)
  2 trolls
  Grinder (D:5)
  Prince Ribbit (D:7)
  A slime creature (D:9)
  Sigmund (D:4)
  A vampire (D:9)
  Eustachio (D:5)
  5 yaks (D:9)
  A steam dragon (D:8)
  A black bear (D:4)
  An orc warrior (D:8)
  2 ice beasts (D:6)
  A necrophage (D:6)
  3 ogres
  6 centaurs
  A lemure (D:5)
  2 kobold brigands (D:9)
  Blork the orc (D:5)
  3 gnoll sergeants
  A wyvern zombie (D:7)
  3 bullfrogs
  4 scorpions
  A water moccasin zombie (D:5)
  2 water moccasin skeletons
  2 howler monkeys
  A centaur zombie (D:6)
  5 hounds
  2 jellies
  2 gnoll shamans
  5 orc priests
  A bullfrog skeleton (D:6)
  2 centaur skeletons (D:6)
  Crazy Yiuf (D:2)
  8 orc wizards
  Natasha (thrice) (D:2)
  3 iguanas
  2 killer bee zombies
  A hound skeleton (D:4)
  15 gnolls
  An adder (D:5)
  A howler monkey skeleton (D:7)
  A shadow imp (D:6)
  3 white imps
  An ufetubus (D:5)
  An adder skeleton (D:4)
  A dart slug (D:1)
  27 orcs
  7 ball pythons
  A bat (D:1)
  4 endoplasms
  2 giant cockroaches (D:2)
  8 goblins
  5 hobgoblins
  2 jackals (D:1)
  9 kobolds
  2 quokkas (D:4)
  5 frilled lizards
  4 rats
192 creatures vanquished.

Vanquished Creatures (others)
  An orc wizard (D:8)
  16 plants (D:5)
17 creatures vanquished.

Grand Total: 209 creatures vanquished

Notes
Turn   | Place    | Note
-------+----------+-------------------------------------------
     0 | D:1      | SensoryNuts the Troll Fighter began the quest for the Orb.
     0 | D:1      | Reached XP level 1. HP: 22/22 MP: 0/0
   241 | D:1      | Reached XP level 2. HP: 29/29 MP: 1/1
   618 | D:1      | Found a faded altar of an unknown god.
   722 | D:2      | Reached XP level 3. HP: 36/36 MP: 2/2
   883 | D:2      | Found Lastrakic's Jewellery Emporium.
   929 | D:2      | Noticed Natasha
   940 | D:2      | Killed Natasha
  1254 | D:2      | Found a runed translucent door.
  1255 | D:2      | Noticed Crazy Yiuf
  1457 | D:2      | Killed Crazy Yiuf
  1458 | D:2      | Reached XP level 4. HP: 32/44 MP: 3/3
  1493 | D:2      | Noticed Natasha
  1498 | D:2      | Killed Natasha
  1701 | D:2      | Noticed Natasha
  1706 | D:2      | Killed Natasha
  1840 | D:3      | Reached XP level 5. HP: 51/52 MP: 4/4
  2304 | D:3      | Gained mutation: Armour fits poorly on your strangely
                  | shaped body. [potion of mutation]
  2304 | D:3      | Gained mutation: You tend to lose your temper in combat.
                  | [potion of mutation]
  2304 | D:3      | Gained mutation: You have sharp toenails. [potion of
                  | mutation]
  2304 | D:3      | Gained mutation: You have a beak for a mouth. [potion of
                  | mutation]
  2377 | D:4      | Reached skill level 1 in Staves
  2435 | D:4      | Noticed Sigmund
  2439 | D:4      | Killed Sigmund
  2440 | D:4      | Reached skill level 2 in Staves
  2440 | D:4      | Reached XP level 6. HP: 58/61 MP: 5/5
  2668 | D:4      | Found a hide-covered altar of Uskayaw.
  2677 | D:4      | Reached skill level 3 in Staves
  2677 | D:4      | Reached XP level 7. HP: 55/67 MP: 6/6
  3173 | D:5      | Entered Level 5 of the Dungeon
  3216 | D:5      | Reached skill level 4 in Staves
  3232 | D:5      | Noticed Blork the orc
  3235 | D:5      | Killed Blork the orc
  3312 | D:5      | Reached skill level 1 in Stealth
  3345 | D:5      | Noticed Grinder
  3354 | D:5      | Reached XP level 8. HP: 75/78 MP: 7/7
  3355 | D:5      | Noticed Eustachio
  3360 | D:5      | Killed Grinder
  3361 | D:5      | Reached skill level 5 in Staves
  3372 | D:5      | Killed Eustachio
  3617 | D:5      | Reached skill level 6 in Staves
  3922 | D:5      | Noticed Pikel
  3931 | D:5      | Killed Pikel
  3932 | D:5      | Reached skill level 5 in Dodging
  3932 | D:5      | Reached XP level 9. HP: 80/85 MP: 8/8
  4052 | D:6      | Found a staircase to the Ecumenical Temple.
  4064 | D:6      | Noticed a troll
  4068 | D:6      | Killed a troll
  4075 | Temple   | Entered the Ecumenical Temple
  4183 | Temple   | Became a worshipper of Gozag Ym Sagoz the Greedy
  4445 | D:6      | Reached skill level 7 in Staves
  4788 | D:6      | Reached skill level 5 in Fighting
  4991 | D:6      | Lost mutation: You have a beak for a mouth. [potion of
                  | mutation]
  4991 | D:6      | Lost mutation: Armour fits poorly on your strangely shaped
                  | body. [potion of mutation]
  4991 | D:6      | Gained mutation: You are partially covered in iridescent
                  | scales. (AC +2) [potion of mutation]
  4991 | D:6      | Gained mutation: You are partially covered in large bone
                  | plates. (SH +4) [potion of mutation]
  4991 | D:6      | Gained mutation: Your spells are a little harder to cast,
                  | but a little more powerful. [potion of mutation]
  5654 | D:7      | Reached skill level 8 in Staves
  5842 | D:7      | Noticed Prince Ribbit
  5860 | D:7      | Killed Prince Ribbit
  6128 | D:7      | Reached XP level 10. HP: 97/97 MP: 9/9
  6305 | D:8      | Noticed Psyche
  6318 | D:8      | Killed Psyche
  6671 | D:8      | Noticed Joseph
  6688 | D:8      | Killed Joseph
  7038 | D:9      | Noticed a two-headed ogre
  7039 | D:9      | Reached skill level 1 in Unarmed Combat
  7053 | D:8      | Killed a two-headed ogre
  7054 | D:8      | Reached skill level 9 in Staves
  7202 | D:9      | Found a sacrificial altar of Ru.
  7203 | D:9      | Noticed a cyclops
  7204 | D:9      | Found a burning altar of Makhleb.
  7204 | D:9      | Found a bloodstained altar of Trog.
  7204 | D:9      | Found a shimmering altar of Xom.
  7209 | D:9      | Killed a cyclops
  7248 | D:9      | Noticed a death knight
  7254 | D:9      | Killed a death knight
  7255 | D:9      | Reached XP level 11. HP: 58/107 MP: 10/10
  7263 | D:9      | Reached skill level 10 in Staves
  7295 | D:9      | Noticed a centaur warrior
  7300 | D:9      | Killed a centaur warrior
  7311 | D:9      | Noticed a centaur warrior
  7317 | D:9      | Killed a centaur warrior
  7318 | D:9      | Identified the +2 spear of Outrage {flame, rCorr SInv}
  7318 | D:9      | Noticed a centaur warrior
  7325 | D:9      | HP: 4/107 [centaur warrior (14)]
  7325 | D:9      | Slain by a centaur warrior

Illustrated notes

Levels and vault maps discovered:
D:1:      lemuel_arrival_room, layout_loops_cross,
          hellmonk_ecumenical_altar_defaced_shrine
D:2:      layout_loops_ring, serial_shops, nicolae_square_shop,
          uniq_crazy_yiuf_cottage, uniq_natasha
D:3:      layout_loops_ring, grunt_ministairs_8
D:4:      layout_cave_pods, eat_drink_and_be_merry_uskayaw, uniq_sigmund
D:5:      layout_loops_ring, serial_bayou_ford_a, uniq_blork_the_orc,
          uniq_grinder, uniq_pikel, uniq_eustachio
D:6:      minmay_razor_zed, layout_loops_ring,
          minmay_temple_entry_statues_fountains, minmay_starry_boxes
D:7:      layout_cave_pods, hangedman_abyss_or_decor_slice, uniq_prince_ribbit1
D:8:      layout_loops_ring, uniq_joseph, uniq_psyche
D:9:      minmay_the_grid_octo_triangle [minmay_the_grid_octo_fat_diamond,
          minmay_the_grid_octo_prize_single_spiral,
          minmay_the_grid_octo_shrine], layout_cross
Temple:   regret_index_temple_sigil_plot

Skill      XL: |  1  2  3  4  5  6  7  8  9 10 11 |
---------------+----------------------------------+-----
Maces & Flails | 2 3 |  3.2
Shields        | 3 |  3.8
Dodging        | 3 4 5 6 7 |  7.0
Staves         | 2 3 4 6 8 9 10 | 10.5
Fighting       | 3 4 5 6 |  6.6
Stealth        | 1 2 |  2.8
Unarmed Combat | 1 |  1.9
Evocations     | |  0.3

Action                   |  1- 3 |  4- 6 |  7- 9 | 10-12 || total
-------------------------+-------+-------+-------+-------++-------
Melee: Flail             |   123 |       |       |       ||   123
       Quarterstaff      |       |    69 |   175 |   119 ||   363
       Kick              |       |     8 |    60 |    47 ||   115
       Peck              |       |     5 |    19 |       ||    24
       Unarmed           |       |       |       |     9 ||     9
Evoke: Wand              |       |       |       |     2 ||     2
  Use: Potion            |     4 |     5 |     2 |     1 ||    12
       Scroll            |     2 |       |     8 |     2 ||    12
 Stab: Sleeping          |     1 |       |       |     2 ||     3
       Distracted        |       |       |       |     4 ||     4
       Confused          |       |       |       |     1 ||     1
Armor: Robe              |    41 |    21 |    49 |    27 ||   138
       Skin              |       |       |       |     2 ||     2
Dodge: Dodged            |    51 |    45 |    85 |    64 ||   245
Block: Kite shield       |    59 |       |       |       ||    59
       Other             |       |       |     7 |    17 ||    24

Table legend: (Time is in decaauts)
 A = Elapsed time spent in this place.
 B = Non-inter-level travel time spent in this place.
 C = Inter-level travel time spent in this place.
 D = Time resting spent in this place.
 E = Time spent auto-exploring this place.
 F = Levels seen in this place.
 G = Mean time per level.
                   A        B        C        D        E       F      G
               +--------+--------+--------+--------+--------+-----+--------+
         Total |   7420 |   6889 |    531 |    119 |   5283 |  10 |  742.0 |
       Dungeon |   7095 |   6611 |    484 |    119 |   5030 |   9 |  788.3 |
        Temple |    324 |    277 |     47 |      0 |    253 |   1 |  324.0 |
               +--------+--------+--------+--------+--------+-----+--------+

Top non-repeatable levels by time:
     D:6: 1071 daAuts
     D:2: 1066 daAuts
     D:5: 892 daAuts
     D:7: 847 daAuts
     D:4: 836 daAuts
     D:8: 741 daAuts
     D:1: 740 daAuts
     D:3: 643 daAuts
  Temple: 324 daAuts
     D:9: 254 daAuts
